 Dungeon Crawl Stone Soup version 0.18.1-8-gdd0e5ea (webtiles) character file.

1033 deorigin the Cruncher (level 8, -14/56 HPs)
             Began as a Demonspawn Gladiator on May 22, 2016.
             Demolished by a hill giant
             ... wielding a +0 giant club
              (26 damage)
             ... on level 6 of the Dungeon.
             The game lasted 00:13:39 (6561 turns).

deorigin the Cruncher (Demonspawn Gladiator)        Turns: 6561, Time: 00:13:39

Health: -14/56     AC: 11    Str: 15    XL:     8   Next: 3%
Magic:  8/8        EV:  6    Int: 10    God:
Gold:   132        SH:  0    Dex: 16    Spells: 0 memorised, 7 levels left

rFire  . . .     SeeInvis .     a - +1 quarterstaff
rCold  + . .     Gourm    .     L - +0 plate armour
rNeg   . . .     Faith    .     (shield currently unavailable)
rPois  .         Spirit   .     (helmet restricted)
rElec  .         Dismiss  .     (no cloak)
rCorr  .         Reflect  .     (no gloves)
SustAt .         Harm     .     (no boots)
MR     .....                    (no amulet)
Stlth  ..........               (no ring)
                                o - ring of protection from cold

@: not resistant to hostile enchantments, extremely unstealthy
A: horns 1, demonic guardian 1, nightstalker 1, sturdy frame 1
a: no special abilities


You were on level 6 of the Dungeon.
You were hungry.

You visited 1 branch of the dungeon, and saw 6 of its levels.
You also visited: Ossuary.

You collected 132 gold pieces.

Inventory:

Hand Weapons
 a - a +1 quarterstaff (weapon)
 q - a +0 dagger of electrocution
Missiles
 d - 2 throwing nets (quivered)
 I - 3 poisoned needles
Armour
 b - a +0 leather armour
 p - a +0 ring mail
 u - a +0 chain mail
 L - a +0 plate armour (worn)
Jewellery
 o - a ring of protection from cold (left hand)
 z - an uncursed amulet of magic regeneration {unknown}
 D - an uncursed amulet of faith {unknown}
 E - an uncursed ring of flight {unknown}
Wands
 m - a wand of confusion (24/48)
 r - a wand of polymorph (14/24)
 y - a wand of paralysis (7/24)
 B - a wand of acid (10/15)
 J - a wand of confusion (17/48)
Scrolls
 c - a scroll of fear {unknown}
 e - 5 scrolls of remove curse
 j - a scroll of amnesia {unknown}
 k - a scroll of teleportation
 l - 2 scrolls of enchant weapon
 s - a scroll of fog {unknown}
 t - a scroll of magic mapping {unknown}
 v - 2 scrolls of random uselessness {unknown}
 w - a scroll of blinking {unknown}
 C - 2 scrolls of noise {unknown}
 F - 3 scrolls of identify
 H - a scroll of immolation {unknown}
Potions
 i - 3 potions of curing
 n - 3 potions of ambrosia
 x - 3 potions of heal wounds
 A - a potion of lignification
 G - a potion of brilliance {unknown}
 K - a potion of cancellation {unknown}
Comestibles
 f - 4 bread rations
 g - 2 beef jerkies
 h - a slice of pizza


   Skills:
 - Level 2.0 Fighting
 + Level 8.3 Staves
 - Level 1.7 Throwing
 - Level 3.2 Armour
 - Level 2.6 Dodging


You had 7 spell levels left.
You didn't know any spells.

Dungeon Overview and Level Annotations

Branches:
Dungeon (6/15)             Temple (0/1) D:4

Altars:
Cheibriados
Nemelex Xobeh
Yredelemnul

Shops:
D:4 =

Annotations:
D:3 mistymad's ghost, weakling NaTm
D:6 Eustachio; mistymad's ghost, novice NaTm


Innate Abilities, Weirdness & Mutations

You have a pair of small horns on your head.
A weak demonic guardian rushes to your aid.
You are slightly more attuned to the shadows.
Your movements are slightly less encumbered by armour (ER -2).


Message History

Your quasit barely misses the hill giant.
You hit the hill giant. You headbutt the hill giant.
The hill giant is severely wounded.
Your quasit barely misses the hill giant.
Your quasit claws the hill giant but does no damage.
Your quasit claws the hill giant.
The hill giant hits you with a giant club!!
Ouch! That really hurt!
* * * LOW HITPOINT WARNING * * *
Your plate armour prevents you from hitting the hill giant.
The hill giant is severely wounded.
Your quasit barely misses the hill giant.
Your quasit claws the hill giant. x2
Your quasit barely misses the hill giant.
Your quasit claws the hill giant but does no damage.
Your quasit claws the hill giant.
You barely miss the hill giant. You headbutt the hill giant.
The hill giant is almost dead.
The hill giant hits you with a giant club!!
You die...

...#...# ...####.
...#...#.... ..
........ #.###..##..#
.... ........
###.###..##..# ..#
.######'
#...#.<..#...##..##.
#'
#...'....#..........
#.
#...#######.........
#.
#...##...##..C5.....
#.
###'###...'...@......
#####'
#.........##..##.....
#..##.
#....##...##..# .#..
##.....
##...###'###..## #
#......
######........#
#...#..
#........##..##
#######
.........###### #
#...##........# #
#... #........# #


You could see a hill giant and a friendly quasit.

Vanquished Creatures
  A giant frog (D:3)
  A scorpion (D:5)
  A crimson imp (D:5)
  A centaur skeleton (D:4)
  A human zombie (Ossuary)
  4 orc priests
  5 orc wizards
  3 worker ants
  A big kobold zombie (Ossuary)
  A hound zombie (D:5)
  Robin (D:2)
  6 adders
  11 gnolls
  An ooze (D:2)
  An adder zombie (D:5)
  2 worms
  3 dart slugs
  2 giant geckos
  21 orcs
  3 giant cockroaches
  5 goblins (D:2)
  8 hobgoblins
  3 jackals (D:1)
  6 kobolds
  A quokka (D:3)
  2 ball pythons
  11 bats
  3 giant newts
  A kobold zombie (Ossuary)
  An orc zombie (Ossuary)
  9 rats
120 creatures vanquished.

Vanquished Creatures (collateral kills)
  2 ice beasts (D:5)
  A mummy (Ossuary)
  A giant gecko (D:6)
  2 orcs
6 creatures vanquished.

Grand Total: 126 creatures vanquished

Notes
Turn   | Place    | Note
--------------------------------------------------------------
     0 | D:1      | deorigin the Demonspawn Gladiator began the quest for the Orb.
     0 | D:1      | Reached XP level 1. HP: 16/16 MP: 1/1
    99 | D:1      | Reached skill level 3 in Staves
   190 | D:1      | Gained mutation: You have a pair of small horns on your head. [demonic ancestry]
   190 | D:1      | Reached XP level 2. HP: 15/22 MP: 2/2
   461 | D:1      | Found a sparkling altar of Nemelex Xobeh.
   837 | D:2      | Reached XP level 3. HP: 20/27 MP: 3/3
   966 | D:2      | Reached skill level 4 in Staves
  1232 | D:2      | Noticed Robin
  1267 | D:2      | Killed Robin
  1404 | D:2      | Gained mutation: Your movements are slightly less encumbered by armour (ER -2). [demonic ancestry]
  1404 | D:2      | Reached XP level 4. HP: 28/33 MP: 4/4
  1922 | D:3      | Reached skill level 1 in Armour
  1924 | D:3      | Reached skill level 5 in Staves
  2197 | D:3      | Gained mutation: You are slightly more attuned to the shadows. [demonic ancestry]
  2197 | D:3      | Reached XP level 5. HP: 34/38 MP: 5/5
  2399 | D:3      | Found a snail-covered altar of Cheibriados.
  2465 | D:3      | Noticed mistymad's ghost (weakling NaTm)
  2626 | D:4      | Found a staircase to the Ecumenical Temple.
  2685 | D:4      | Gained mutation: A weak demonic guardian rushes to your aid. [demonic ancestry]
  2685 | D:4      | Reached XP level 6. HP: 8/44 MP: 6/6
  3267 | D:4      | Paralysed by an orc for 6 turns
  3279 | D:4      | Found Saamamm's Jewellery Shop.
  3484 | D:4      | Reached skill level 6 in Staves
  3940 | D:5      | Entered Level 5 of the Dungeon
  4082 | D:5      | Reached XP level 7. HP: 40/50 MP: 7/7
  4333 | D:5      | Found a sand-covered staircase.
  4345 | Ossuary  | Entered an ossuary
  4389 | Ossuary  | Reached skill level 7 in Staves
  5212 | D:6      | Noticed mistymad's ghost (novice NaTm)
  5720 | D:6      | Reached skill level 8 in Staves
  6130 | D:6      | Reached XP level 8. HP: 55/56 MP: 8/8
  6140 | D:6      | Found a basalt altar of Yredelemnul.
  6226 | D:6      | Noticed Eustachio
  6228 | D:6      | Noticed a hill giant
  6561 | D:6      | Demolished by a hill giant

Skill      XL: |  1  2  3  4  5  6  7 |
---------------+----------------------+-----
Staves         | 3 4 5 6 8 |  8.3
Armour         | 1 2 3 |  3.2
Fighting       | |  2.0
Throwing       | |  1.7
Dodging        | |  2.6

Action                   |  1- 3 |  4- 6 |  7- 9 || total
-------------------------+-------+-------+-------++-------
Melee: Quarterstaff      |   122 |   204 |   159 ||   485
       Headbutt          |    14 |    36 |    30 ||    80
Throw: Throwing net      |       |       |     2 ||     2
  Use: Scroll            |       |    10 |     1 ||    11
       Potion            |       |       |     1 ||     1
 Stab: Sleeping          |     1 |       |       ||     1
       Distracted        |       |       |     1 ||     1
  Eat: Chunk             |     2 |     8 |     3 ||    13
       Fruit             |       |       |     4 ||     4
       Beef jerky        |       |       |     1 ||     1
Armor: Leather armour    |    28 |       |       ||    28
       Ring mail         |     8 |     9 |       ||    17
       Chain mail        |       |    87 |    21 ||   108
       Plate armour      |       |       |    63 ||    63
Dodge: Dodged            |    91 |    91 |    41 ||   223
